Ptargh, chaotic female orcish Rogue ------+---- |.........- ....({....| |.........| |.........| #-..<......| ###----------- # #ob#)#@## Ptargh the Footpad Experience level: 2 Strength: 15 Dexterity: 18 Constitution: 12 Intelligence: 9 Wisdom: 10 Charisma: 9 Health: 0(16) Energy: 6(6) Def: 6 Gold: 10 Moves: 1371 Dungeon seed: YlLl9MJc58zc9EX5 Game ID: Ptargh_1567324117 Your Inventory: Rings s - a cursed ring of aggravate monster (on left hand) Armor u - an uncursed +0 bronze plate mail (being worn) Weapons b - an uncursed +0 orcish dagger named b (alternate weapon; not wielded) c - an uncursed +0 orcish short sword q - an uncursed +0 orcish dagger named q (in quiver) Potions E - a blessed potion of paralysis Scrolls D - an uncursed scroll of amnesia Comestibles C - an uncursed apple M - an uncursed candy bar N - an uncursed lichen corpse named <$ 1 4 U - an uncursed tripe ration Tools j - an uncursed lock pick o - an uncursed sack named X <# 5 p - an uncursed blindfold Coins $ - 10 gold pieces Contents of the sack named X <# 5: an uncursed potion of gain level a cursed scroll of confuse monster an uncursed scroll of fire an uncursed scroll of identify an uncursed scroll of light an uncursed cream pie an uncursed garnet stone named <( 4 100 gold pieces Spells and supernatural/magical abilities: Name Level Category Fail Memory W - pray for help -- divine ? -- Your skills at the end: Fighting Skills Weapon Skills dagger [Basic] short sword [Basic] Spellcasting Skills Final Attributes: You were piously aligned. You were poison resistant. You were hallucinating. You had infravision. You were stealthy. You aggravated monsters. You are dead. Vanquished creatures: a kitten a coyote a gecko 3 jackals 3 foxes 2 lichens 4 newts and a partridge in a pear tree 15 creatures vanquished. Voluntary challenges: You were an atheist. You used a wielded weapon 15 times, starting on turn 74. You read items or engraved 1 time, starting on turn 961. You never genocided any monsters. You never polymorphed an object. You never changed form. You used no wishes. You never split a pudding. You never wrote Elbereth's name. You never violated your personal moral code. You abstained from Elbereth's help. You werepermanently hallucinating. Dungeon overview: The Dungeons of Doom: levels 1 to 6 Level 1 a long staircase Level 2 Level 3 a fountain Level 4 Level 5 a fountain, a sink Level 6 <- You were here a fountain History has recorded: On T:1 you entered the Dungeons of Doom to retrieve the Amulet of Yendor! On T:167 you reached level 2 of The Dungeons of Doom. On T:494 you reached level 3 of The Dungeons of Doom. On T:599 you reached level 4 of The Dungeons of Doom. On T:886 you advanced to experience level 2. On T:1120 you reached level 5 of The Dungeons of Doom. On T:1332 you reached level 6 of The Dungeons of Doom. Score breakdown: Gold: 110 ( 6957 points) Experience: 2 levels ( 5570 points) Exploration: 6 levels ( 11.76%) ( 9486 points) Discoveries: 0 items ( 0.00%) ( 0 points) Valuables value: (no points given unless you survive) Artifact value: 0 ( 0 points) Variety of kills: 7 monsters ( 1.84%) ( 4066 points) Turncount: 1371 turns ( 0 points) Survival: died (score multiplied by 80%) Total score: 20863 Latest messages: You hear a door open. The manes hits! B - an uncursed cream pie (weapon in hand). You begin bashing monsters with your cream pie. The cream pie splashes over the sleazoid's face! The kobold zombie bumps right into you! The orcish dagger named q hits it. The straw golem hits! The orcish dagger named q hits it. The giant ant hits! You throw 2 orcish daggers named q. The 1st orcish dagger named q hits it. The 2nd orcish dagger named q hits it. The large kobold misses. The water nymph throws a dagger! The dagger hits it. The orcish dagger named q hits it. The ghoul bites! You die... Final status: Goodbye Ptargh the Rogue, killed by a hallucinogen-distorted werejackal... You died in The Dungeons of Doom on dungeon level 6 with 20863 points, and 110 pieces of gold, after 1371 moves. You were level 2 with a maximum of 16 hit points when you died.